TKirby, chaotic female elven Wizard ----- |...| |....######################### |...| |...| |...-# |<..|# -----# # # ### #-------------- #|...@........| #|..asN........ #-..f.........| -------------- TKirby the Conjurer Experience level: 5 Strength: 10 Dexterity: 12 Constitution: 13 Intelligence: 20 Wisdom: 15 Charisma: 8 Health: 0(28) Energy: 58(58) Def: 3 Gold: 984 Moves: 3384 Dungeon seed: AzDG5HaqPgiyzX7s Game ID: TKirby_1506454037 Your Inventory: Coins $ - 984 gold pieces Amulets s - an uncursed amulet of life saving Weapons a - a blessed +2 quarterstaff (weapon in hands) Armor e - an uncursed +0 cloak of magic resistance (being worn) F - a blessed +1 pair of jumping boots (being worn) Comestibles p - 3 uncursed food rations J - an uncursed strawberry Scrolls k - an uncursed scroll of punishment w - an uncursed scroll of scare monster E - a cursed scroll of destroy armor Spellbooks l - a blessed spellbook of force bolt m - an uncursed spellbook of wizard lock Potions f - an uncursed potion of fruit juice g - an uncursed potion of confusion h - an uncursed potion of levitation o - a cursed potion of hallucination u - an uncursed potion of healing z - an uncursed potion of invisibility H - an uncursed potion of object detection I - an uncursed potion of monster detection K - a cursed potion of fruit juice Rings c - a blessed +2 ring of increase accuracy (on left hand) d - an uncursed ring of poison resistance q - an uncursed ring of invisibility Wands b - a wand of undead turning (0:7) y - a wand of sleep (0:8) Tools n - an uncursed wooden harp Gems r - an uncursed worthless piece of orange glass N - an uncursed worthless piece of black glass Y - an uncursed worthless piece of yellow glass Spells and supernatural/magical abilities: Name Level Category Fail Memory a - force bolt 1 attack 0% 84% w - wizard lock 2 matter 39% 84% W - pray for help -- divine ? -- Y - supernatural jump -- ability ? -- Your skills at the end: Fighting Skills Weapon Skills quarterstaff [Basic] Spellcasting Skills attack spells [Basic] enchantment spells [Basic] Final Attributes: You were piously aligned. You were sleep resistant. You were magic-protected. You had infravision. You could jump. You had a +2 bonus to hit. You are dead. Vanquished creatures: a water nymph a rock piercer a pony 2 shriekers 5 rothes a giant bat a werejackal an iguana an acid blob 2 coyotes a large kobold 2 hobgoblins 2 giant rats 2 garter snakes 2 gnome zombies 2 geckos 10 jackals 2 foxes a kobold 2 goblins 8 grid bugs 2 lichens 2 kobold zombies 3 newts 57 creatures vanquished. Voluntary challenges: You had followed a strict vegetarian diet until turn 2360. You were an atheist. You used a wielded weapon 54 times, starting on turn 42. You read items or engraved 3 times, starting on turn 13. You never genocided any monsters. You never polymorphed an object. You never changed form. You used no wishes. You never split a pudding. You never wrote Elbereth's name. You never violated your personal moral code. Dungeon overview: The Dungeons of Doom: levels 1 to 7 Level 1 a long staircase Level 2 a scroll shop, a fountain a long staircase Level 3 Level 4 some fountains Level 5 a fountain Level 6 a weapon shop, a fountain Level 7 <- You were here History has recorded: On T:1 you entered the Dungeons of Doom to retrieve the Amulet of Yendor! On T:521 you reached level 2 of The Dungeons of Doom. On T:659 you advanced to experience level 2. On T:983 you advanced to experience level 3. On T:1213 you reached level 3 of The Dungeons of Doom. On T:1665 you reached level 4 of The Dungeons of Doom. On T:1967 you advanced to experience level 4. On T:2202 you reached level 5 of The Dungeons of Doom. On T:2737 you reached level 6 of The Dungeons of Doom. On T:3248 you advanced to experience level 5. On T:3261 you reached level 7 of The Dungeons of Doom. Score breakdown: Gold: 984 (10182 points) Experience: 5 levels (11141 points) Exploration: 7 levels ( 14.89%) (10834 points) Discoveries: 2 items ( 0.72%) ( 2553 points) Valuables value: (no points given unless you survive) Artifact value: 0 ( 0 points) Variety of kills: 24 monsters ( 6.30%) ( 7529 points) Turncount: 3384 turns ( -777 points) Survival: died (score multiplied by 80%) Total score: 33169 Latest messages: You see here a strawberry. J - a strawberry. You hear a strange wind. You hear a door open. You stop. Maple is in the way! You displace maple. The door opens. You stop exploring. You see here a bag. The giant spider bites! (2x) K - a potion of fruit juice. Maple picks up a bag. Maple misses the giant spider. You destroy the gnome zombie! Maple bites the giant spider. The giant spider bites maple. The giant spider bites! Maple misses the giant ant. (2x) The giant ant bites! The giant spider bites! (2x) You hit the giant spider! Maple misses the giant ant. The giant ant bites! The giant spider bites! You die... Final status: Goodbye TKirby the Wizard, killed by a giant spider... You died in The Dungeons of Doom on dungeon level 7 with 33169 points, and 984 pieces of gold, after 3384 moves. You were level 5 with a maximum of 28 hit points when you died.